[Event "Team 45 45 League T56"]
[Site "Internet Chess Club"]
[Date "2013.03.03"]
[Round "2"]
[White "stanbeers"]
[Black "tightfist"]
[Result "1-0"]
[WhiteElo "1546"]
[BlackElo "1670"]
[Opening "French defense"]
[ECO "B41"]
[Time "20:00:34"]
[TimeControl "2700+45"]

1. e4 e6 2. d4 c5 3. Nf3 Nf6 4. Nc3 cxd4 5. Qxd4 Nc6 6. Qd1 Bb4 7. Bd3 e5 8. Bd2
d6 9. O-O Bg4 10. Re1 O-O 11. Ne2 Bxf3 12. gxf3 Bxd2 13. Qxd2 Qb6 14. Qc1 Rfd8
15. c3 Rac8 16. Qd2 d5 17. Ng3 dxe4 18. Nxe4 Nd5 19. Qg5 Nf4 20. Nf6+ Kh8 21.
Bf5 Rd2 22. Qh4 Qxf2+ 23. Qxf2 Rxf2 24. Kxf2 Rd8 25. Ne4 Nd3+ 26. Kg3 Nxe1 27.
Rxe1 Ne7 28. Bh3 f6 29. Re2 f5 30. Ng5 f4+ 31. Kf2 Rf8 32. Rxe5 Ng6 33. Rc5 h6
34. Ne6 Rf6 35. Rc7 Ne5 36. Rc8+ Kh7 37. Rd8 g5 38. Rf8 Nd3+ 39. Ke2 Rxf8 40.
Nxf8+ Kg8 41. Kxd3 Kxf8 42. Bg4 Ke7 43. Kc4 Kd6 44. Kd4 a5 45. a4 b6 46. h3 Kc6
47. Kc4 Kd6 48. Kb5 Kc7 49. b3 Kb7 50. b4 axb4 51. cxb4 Kc7 52. a5 bxa5 53. Kxa5
Kb7 54. Kb5 Kb8 55. Kc6 Ka7 56. Kd6 Kb6 57. Ke6 Kb5 58. Kf6 Kxb4 59. Kg6 Kc5 60.
Kxh6 Kd5 61. Kxg5 Ke5 62. h4 Kd6 63. Kxf4 Ke7 64. Kg5 Kf7 65. h5 Kg7 66. f4 Kh7
67. Bf5+ Kg7 68. h6+ Kh8 69. Kg6 Kg8 70. Bc2 Kh8 71. f5 Kg8 72. f6 Kh8 73. Kg5
Kg8 74. Ba4 Kh8 75. f7 Kh7 76. Bc2+ Kh8 77. f8=Q# {Black checkmated} 1-0

[Event "Team 45 45 League T56"]
[Site "Internet Chess Club"]
[Date "2013.03.04"]
[Round "2"]
[White "Buford-Julep"]
[Black "otherook"]
[Result "1/2-1/2"]
[WhiteElo "1699"]
[BlackElo "1752"]
[Opening "English: symmetrical variation"]
[ECO "A30"]
[Time "19:18:51"]
[TimeControl "2700+45"]

1. c4 c5 2. Nf3 Nc6 3. Nc3 g6 4. e3 Bg7 5. d4 cxd4 6. exd4 d6 7. d5 Ne5 8. Nxe5
Bxe5 9. Bd3 Nf6 10. O-O O-O 11. Bc2 Nd7 12. Be3 Nc5 13. Qd2 a5 14. Rae1 b6 15.
b3 Bd7 16. Re2 Re8 17. Bg5 Bf6 18. Bxf6 exf6 19. Rxe8+ Qxe8 20. Re1 Qf8 21. Ne4
Nxe4 22. Rxe4 Bf5 23. Re3 Bxc2 24. Qxc2 Re8 25. Qe2 Rxe3 26. Qxe3 Qd8 27. Kf1
Kf8 28. Qh6+ Kg8 29. Qe3 Kf8 30. Qh6+ {Game drawn by mutual agreement} 1/2-1/2

[Event "Team 45 45 League T56"]
[Site "Internet Chess Club"]
[Date "2013.03.03"]
[Round "2"]
[White "crazyhorses"]
[Black "LazyPeon"]
[Result "0-1"]
[WhiteElo "1400"]
[BlackElo "1801"]
[Opening "Ruy Lopez: closed, Pilnik variation"]
[ECO "C88"]
[Time "14:00:37"]
[TimeControl "2700+45"]

1. e4 e5 2. Nf3 Nc6 3. Bb5 a6 4. Ba4 Nf6 5. O-O Be7 6. Re1 b5 7. Bb3 O-O 8. d3
d6 9. c3 Na5 10. Bc2 c5 11. Nbd2 Nc6 12. Nf1 Re8 13. Ne3 g6 14. a4 Bd7 15. axb5
axb5 16. Rxa8 Qxa8 17. Bb3 Na5 18. Ng5 Nxb3 19. Qxb3 Rf8 20. Bd2 h6 21. Nf3 Be6
22. Qc2 Qa2 23. b4 Qxc2 24. Nxc2 Nd7 25. Bxh6 Ra8 26. Ra1 Ra4 27. Bd2 Bb3 28.
Rxa4 bxa4 29. Na3 cxb4 30. cxb4 d5 31. exd5 Bxd5 32. Nc4 Bxc4 33. dxc4 a3 34.
Bc3 a2 35. c5 Bf6 36. c6 Nb6 37. c7 Kf8 38. Nxe5 Ke7 39. b5 g5 40. g3 g4 41. f4
gxf3 42. Nc6+ Ke6 43. Nd4+ Kd7 44. Kf2 Kxc7 45. Ne6+ fxe6 46. Bxf6 Nc4 47. Kxf3
e5 48. Ke4 a1=Q 49. h4 Qd4+ 50. Kf5 Ne3+ 51. Kg6 Qg4+ 52. Kf7 Kd7 53. Bxe5 Qe6+
{White resigns} 0-1

[Event "Team 45 45 League T56"]
[Site "Internet Chess Club"]
[Date "2013.03.04"]
[Round "2"]
[White "pauliewoll"]
[Black "nursey"]
[Result "1-0"]
[WhiteElo "1572"]
[BlackElo "1647"]
[Opening "Four knights: symmetrical, Metger unpin"]
[ECO "C49"]
[Time "11:04:51"]
[TimeControl "2700+45"]

1. e4 e5 2. Nf3 Nc6 3. Nc3 Nf6 4. Bb5 Bb4 5. O-O O-O 6. d3 d6 7. Bg5 Bxc3 8.
bxc3 Qe7 9. Re1 Be6 10. d4 a6 11. Bxc6 bxc6 12. dxe5 dxe5 13. Nxe5 Qc5 14. Qd4
Qb6 15. Qxb6 cxb6 16. Nxc6 h6 17. Bh4 g5 18. Bg3 Rfe8 19. Nd4 b5 20. Nxe6 Rxe6
21. f3 Rc8 22. a4 bxa4 23. Rxa4 Rxc3 24. Rea1 Rxc2 25. Rxa6 Rxa6 26. Rxa6 Kg7
27. Be5 Rc1+ 28. Kf2 Rc2+ 29. Kg3 Re2 30. Rxf6 h5 31. Rb6+ Kh7 32. Rb2 Rxb2 33.
Bxb2 Kg6 34. h4 Kh6 35. hxg5+ Kxg5 36. Bc1+ Kf6 37. Kf4 Kg6 38. Ke5 f6+ 39. Ke6
h4 40. Be3 Kg7 41. Bd4 {Black resigns} 1-0

[Event "Team 45 45 League T56"]
[Site "Internet Chess Club"]
[Date "2013.03.01"]
[Round "2"]
[White "caglar"]
[Black "SirIvanhoe"]
[Result "1-0"]
[WhiteElo "1501"]
[BlackElo "1478"]
[Opening "Caro-Kann: anti-anti-Caro-Kann defense"]
[ECO "B10"]
[Time "13:00:56"]
[TimeControl "2700+45"]

1. e4 c6 2. c4 d5 3. cxd5 cxd5 4. exd5 Qxd5 5. Nc3 Qd8 6. Nf3 Nf6 7. Bc4 e6 8.
O-O Be7 9. d4 O-O 10. Re1 Nc6 11. Bd3 Kh8 12. Bc2 a6 13. a3 b5 14. Bg5 Nd5 15.
Qd3 g6 16. h4 Bb7 17. Bxe7 Ncxe7 18. Ng5 Nf5 19. g3 Rc8 20. Nge4 Nxc3 21. bxc3
Qd5 22. Bd1 Qc4 23. Qxc4 Rxc4 24. Bb3 Rc7 25. Nc5 Bc8 26. a4 b4 27. cxb4 Nxd4
28. Kg2 Nxb3 29. Nxb3 Rd8 30. Rad1 Bb7+ 31. Kg1 Rcd7 32. Rxd7 Rxd7 33. Nc5 Rc7
34. Rd1 Kg7 35. Kf1 a5 36. Nxb7 Rxb7 37. b5 h5 38. Rd4 Kf6 39. Rd6 Ke7 40. Ra6
Kd7 41. Ke2 Kc7 42. Rc6+ Kd7 43. Kd3 Rc7 44. Ra6 Rb7 45. Rxa5 Kd6 46. Kd4 e5+
47. Kc4 Rc7+ 48. Kb4 e4 49. Ra6+ Kd5 50. Rf6 Ke5 51. Rc6 Rb7 52. a5 Kd4 53. b6
Kd3 54. a6 Re7 55. b7 Ke2 56. b8=Q Kxf2 57. Qf4+ Ke2 58. Rc2+ {Black resigns}
1-0

[Event "Team 45 45 League T56"]
[Site "Internet Chess Club"]
[Date "2013.03.05"]
[Round "2"]
[White "Freitac"]
[Black "alexping"]
[Result "1-0"]
[WhiteElo "1856"]
[BlackElo "1919"]
[Opening "Benkö gambit accepted"]
[ECO "A58"]
[Time "06:38:41"]
[TimeControl "2700+45"]

1. d4 Nf6 2. c4 c5 3. d5 b5 4. cxb5 a6 5. bxa6 Bxa6 6. Nc3 g6 7. g3 d6 8. Bg2
Bg7 9. Nf3 O-O 10. O-O Qb6 11. Rb1 Nbd7 12. b3 Rfb8 13. Qc2 Ne8 14. Re1 Qa5 15.
Bd2 Qc7 16. Bg5 Ndf6 17. e4 h6 18. Bd2 Bb7 19. Nb5 Qd7 20. a4 Ba6 21. Bf1 Qg4
22. Kg2 Bc8 23. Ng1 Bb7 24. h3 Qd7 25. Nf3 Rc8 26. Rbd1 Nc7 27. Bc3 Ba6 28. Nxc7
Bxf1+ 29. Rxf1 Qxc7 30. Nd2 e6 31. Qb2 e5 32. f4 Nd7 33. Nc4 Re8 34. f5 Reb8 35.
fxg6 fxg6 36. Qc2 Nf6 37. Ra1 Ra6 38. Rfb1 h5 39. Bd2 Qd7 40. Bg5 Nh7 41. Be3
Rba8 42. Rf1 Bf6 43. Na3 Bg5 44. Rae1 Bxe3 45. Rxe3 Ng5 46. h4 Qh3+ 47. Kg1 Nh7
48. Qg2 Qd7 49. Ref3 Rf8 50. Nc4 Kg7 51. Rxf8 Nxf8 52. Qf3 Nh7 53. Kg2 Qe7 54.
Qe2 Ra8 55. Nb6 Rb8 56. Qa6 Nf6 57. Nc8 Qd8 58. Qa7+ Kh6 59. Qxb8 Nxe4 60. Qb7
Qa5 61. Qf7 Qd2+ 62. Kh3 g5 63. Rf6+ Nxf6 64. Qxf6+ Kh7 65. hxg5 Qd1 66. g6+ Kh6
67. g7+ Kh7 68. g8=Q+ Kxg8 69. Ne7+ Kh7 70. Qg6+ {Black resigns} 1-0

[Event "Team 45 45 League T56"]
[Site "Internet Chess Club"]
[Date "2013.03.03"]
[Round "2"]
[White "bshribharath"]
[Black "bahamapapa"]
[Result "1/2-1/2"]
[WhiteElo "1888"]
[BlackElo "1865"]
[Opening "Réti opening"]
[ECO "A04"]
[Time "09:02:20"]
[TimeControl "2700+45"]

1. Nf3 g6 2. e3 Bg7 3. d4 d5 4. b3 c5 5. Bb5+ Nc6 6. O-O Bg4 7. Bb2 e6 8. Nbd2
Ne7 9. h3 Bxf3 10. Nxf3 O-O 11. c4 a6 12. Bxc6 bxc6 13. Qe2 cxd4 14. exd4 Qb6
15. c5 Qb4 16. Qd2 Qxd2 17. Nxd2 Nf5 18. Nf3 Rfb8 19. g4 Ne7 20. Bc3 a5 21. Rab1
Rb5 22. a3 h6 23. b4 axb4 24. axb4 Ra3 25. Rfc1 Rb7 26. Kg2 Kh7 27. Ra1 Rba7 28.
Bb2 Rxa1 29. Rxa1 Rxa1 30. Bxa1 f5 31. Nd2 fxg4 32. hxg4 g5 33. Nb1 Kg6 34. Na3
Kf7 35. b5 cxb5 36. Nxb5 Nc6 37. Kf3 Ke7 38. Ke3 e5 39. dxe5 Bxe5 40. Bxe5 Nxe5
41. f3 Kd7 42. Nd4 Nc4+ 43. Kd3 Ne5+ 44. Kc3 Kc7 45. Kb3 Nc6 46. Nxc6 Kxc6 47.
Kb4 Kd7 48. Kb5 Kc7 {Game drawn by mutual agreement} 1/2-1/2

[Event "Team 45 45 League T56"]
[Site "Internet Chess Club"]
[Date "2013.03.03"]
[Round "2"]
[White "WillC"]
[Black "Beetlejuice"]
[Result "1-0"]
[WhiteElo "1803"]
[BlackElo "1734"]
[Opening "Queen's pawn game, Chigorin variation"]
[ECO "D02"]
[Time "13:31:16"]
[TimeControl "2700+45"]

1. d4 d5 2. Nf3 Nc6 3. Bf4 Bg4 4. e3 e6 5. Nbd2 Bd6 6. Bxd6 Qxd6 7. Be2 Nf6 8.
c4 O-O 9. O-O Rfe8 10. Rc1 Rad8 11. c5 Qe7 12. Bb5 Bxf3 13. Nxf3 Nd7 14. Bxc6
bxc6 15. Qa4 e5 16. Qxc6 exd4 17. exd4 Nb8 18. Qa4 c6 19. Rfe1 Qb7 20. b3 f6 21.
Qa5 Nd7 22. Qd2 Nf8 23. Qf4 Ng6 24. Qf5 Qa6 25. Qc2 Qc8 26. h3 Nf4 27. Kh2 Qd7
28. Nh4 g6 29. Qd2 g5 30. Nf3 Qf5 31. Re3 h5 32. Rce1 Kf7 33. Ng1 h4 34. g3
hxg3+ 35. fxg3 Ng6 36. Qe2 Rxe3 37. Qxe3 g4 38. h4 Rh8 39. Re2 Qd7 40. Kg2 Qf5
41. Rf2 Qd7 42. Ne2 Re8 43. Qg5 Qe6 44. h5 Qe4+ 45. Kh2 Rh8 46. Rxf6+ Ke8 47.
Qxg6+ {Black resigns} 1-0

[Event "Team 45 45 League T56"]
[Site "Internet Chess Club"]
[Date "2013.03.02"]
[Round "2"]
[White "rubo"]
[Black "Innes"]
[Result "1/2-1/2"]
[WhiteElo "1713"]
[BlackElo "1706"]
[Opening "Bird's opening"]
[ECO "A03"]
[Time "17:00:43"]
[TimeControl "2700+45"]

1. f4 d5 2. Nf3 Nf6 3. e3 g6 4. b3 Bg7 5. Bb2 O-O 6. Be2 c5 7. O-O Nc6 8. Ne5
Qc7 9. Nxc6 Qxc6 10. Bf3 Be6 11. c4 Rfd8 12. Qc1 Rac8 13. Nc3 Qd7 14. cxd5 Nxd5
15. Nxd5 Bxd5 16. Bxg7 Kxg7 17. Qc3+ f6 18. Bxd5 Qxd5 19. Rf2 b6 20. Rc1 Qd3 21.
Qxd3 Rxd3 22. Kf1 Rcd8 23. Ke1 Kf7 24. Rc4 f5 25. Re2 e6 26. g3 Kf6 27. e4 h5
28. e5+ Ke7 29. Rc3 R3d4 30. Kd1 R8d5 31. h4 Rd3 32. Rxd3 Rxd3 33. Rg2 Kd7 34.
Ke2 Rd4 35. d3 Kc6 36. Ke3 Kb5 37. a3 a5 38. Rb2 Kc6 39. Rc2 b5 40. Ke2 Kd5 41.
Ke3 c4 42. dxc4+ bxc4 43. bxc4+ Rxc4 44. Rd2+ Kc5 45. Rd3 Rc1 46. Kd2 Kc4 47.
Rf3 Ra1 48. Rc3+ Kd4 49. Rd3+ Kc5 50. Kc2 Rg1 51. Kb3 Kb5 52. a4+ Kc5 53. Rc3+
Kd4 54. Rc4+ Kd3 55. Rc3+ {Game drawn by mutual agreement} 1/2-1/2

[Event "Team 45 45 League T56"]
[Site "Internet Chess Club"]
[Date "2013.03.04"]
[Round "2"]
[White "fledermaus"]
[Black "rook9999"]
[Result "1-0"]
[WhiteElo "1911"]
[BlackElo "1797"]
[Opening "Nimzo-Indian: classical variation"]
[ECO "E32"]
[Time "17:10:04"]
[TimeControl "2700+45"]

1. d4 Nf6 2. c4 e6 3. Nc3 Bb4 4. Qc2 O-O 5. Nf3 b6 6. e4 d5 7. e5 Ne4 8. Bd3 c5
9. Bxe4 dxe4 10. Qxe4 cxd4 11. Qxa8 dxc3 12. O-O cxb2 13. Bxb2 Qc7 14. Qe4 Bb7
15. Qe2 Bxf3 16. gxf3 Nc6 17. a3 Bc5 18. Qe4 Na5 19. Bc3 Nxc4 20. a4 Na5 21.
Bxa5 bxa5 22. Rac1 Qe7 23. f4 Bb6 24. Rfd1 Qh4 25. Qf3 h6 26. Qg3 Qh5 27. Rd2
Qf5 28. Rdc2 Qe4 29. Rc4 Qe2 30. Kg2 Rd8 31. Qf3 Rd2 32. Qxe2 Rxe2 33. R1c2 Rxc2
34. Rxc2 Kh7 35. Kf3 Kg6 36. Ke4 Kh5 37. f5 exf5+ 38. Kxf5 Kh4 39. f3 Kh3 40.
Rd2 h5 41. Rd7 Kxh2 42. Rxf7 h4 43. e6 Bc5 44. Rxg7 h3 45. e7 Bxe7 46. Rxe7 Kg1
47. Rh7 h2 48. Ke4 h1=Q 49. Rxh1+ Kxh1 50. f4 {Black resigns} 1-0

[Event "Team 45 45 League T56"]
[Site "Internet Chess Club"]
[Date "2013.03.04"]
[Round "2"]
[White "divy7"]
[Black "jonesey"]
[Result "0-1"]
[WhiteElo "1678"]
[BlackElo "1871"]
[Opening "Four knights: Italian variation"]
[ECO "C47"]
[Time "16:00:23"]
[TimeControl "2700+45"]

1. e4 e5 2. Nf3 Nf6 3. Nc3 Nc6 4. Bc4 Nxe4 5. Nxe4 d5 6. Bb5 dxe4 7. Nxe5 Qd5 8.
Nxc6 Qxb5 9. Nd4 Qg5 10. g3 Bg4 11. Ne2 Bf3 12. Rg1 O-O-O 13. d4 Qh5 14. h4 Bxe2
15. Qxe2 Qxe2+ 16. Kxe2 Rxd4 17. Ke3 Bc5 18. Ke2 Rhd8 19. Be3 R4d5 20. Rgd1 Rxd1
21. Rxd1 Rxd1 22. Kxd1 Bxe3 23. fxe3 f5 24. Ke2 Kd7 25. c3 Ke6 26. b3 Ke5 27. a3
g6 28. Kf2 h6 29. Ke2 g5 30. hxg5 hxg5 31. Kf2 f4 32. g4 fxe3+ 33. Kxe3 Kd5 34.
Ke2 Ke5 35. Ke3 a6 36. a4 b6 37. b4 c6 38. c4 b5 39. cxb5 cxb5 40. a5 Kd5 41.
Kd2 Kd4 42. Ke2 e3 43. Ke1 Ke4 44. Ke2 Kf4 45. Kf1 Kxg4 46. Ke2 Kf4 47. Ke1 Kf3
48. Kf1 g4 49. Kg1 e2 50. Kh2 Kf2 51. Kh1 e1=Q+ 52. Kh2 Qg1# {White checkmated}
0-1

[Event "Team 45 45 League T56"]
[Site "Internet Chess Club"]
[Date "2013.03.03"]
[Round "2"]
[White "gcl"]
[Black "juniorVishy"]
[Result "1-0"]
[WhiteElo "1633"]
[BlackElo "1691"]
[Opening "Sicilian: Hungarian variation"]
[ECO "B27"]
[Time "15:08:41"]
[TimeControl "2700+45"]

1. e4 c5 2. Nf3 g6 3. d4 cxd4 4. Qxd4 Nf6 5. e5 Nc6 6. Qa4 Nd5 7. Qe4 Nc7 8. Qh4
Bg7 9. Bh6 O-O 10. Ng5 Ne6 11. Bxg7 Nxg5 12. Bxf8 Qa5+ 13. Nc3 Qxe5+ 14. Be2 Nd4
15. O-O Kxf8 16. f4 Qe3+ 17. Qf2 Qxf2+ 18. Rxf2 Nge6 19. Bc4 d6 20. Nb5 a6 21.
Nxd4 Nxd4 22. Rd1 Ne6 23. f5 Nd8 24. f6 b5 25. fxe7+ Kxe7 26. Bd5 Rb8 27. Re1+
Be6 28. Bxe6 fxe6 29. Ref1 Rc8 30. c3 Rc5 31. Rf8 Rd5 32. Rh8 h5 33. Rh7+ Ke8
34. g3 Rd2 35. Rf2 Rd5 36. Ra7 Rd1+ 37. Kg2 e5 38. Rxa6 e4 39. Re2 Kf8 40. Rxe4
Rd2+ 41. Kf3 Rxb2 42. Ra8 Rxh2 43. Rxd8+ Kg7 44. Re2 Rh1 45. Rxd6 Rc1 46. Re7+
Kf8 47. Rc7 Ke8 48. Rxg6 Kd8 49. Rh7 Rf1+ 50. Ke2 Rf8 51. Ra6 Re8+ 52. Kd2
{Black resigns} 1-0

[Event "Team 45 45 League T56"]
[Site "Internet Chess Club"]
[Date "2013.03.04"]
[Round "2"]
[White "BetterthanU"]
[Black "calily"]
[Result "1/2-1/2"]
[WhiteElo "1512"]
[BlackElo "1730"]
[Opening "Grünfeld: Stockholm variation"]
[ECO "D80"]
[Time "15:35:53"]
[TimeControl "2700+45"]

1. d4 Nf6 2. c4 g6 3. Nc3 d5 4. Bg5 Bg7 5. e3 c6 6. Nf3 O-O 7. Be2 Bf5 8. O-O
Re8 9. Qb3 Qb6 10. Bxf6 Qxb3 11. axb3 Bxf6 12. cxd5 Bd7 13. dxc6 Nxc6 14. Bb5 e6
15. Ne4 Be7 16. Nc5 Bxc5 17. dxc5 a6 18. Ba4 Red8 19. Rfd1 Be8 20. Nd4 Nb4 21.
Bxe8 Rxe8 22. Ra4 Nd5 23. Nf3 Rac8 24. Rc4 Red8 25. b4 Kg7 26. h3 Kf6 27. e4 Ne7
28. e5+ Kg7 29. Rcd4 {Game drawn by mutual agreement} 1/2-1/2

[Event "Team 45 45 League T56"]
[Site "Internet Chess Club"]
[Date "2013.03.01"]
[Round "2"]
[White "minke"]
[Black "koni"]
[Result "0-1"]
[WhiteElo "1897"]
[BlackElo "1877"]
[Opening "Benko's opening"]
[ECO "A00"]
[Time "01:00:22"]
[TimeControl "2700+45"]

1. g3 e5 2. Bg2 d5 3. d3 Nf6 4. Nf3 Nc6 5. O-O Be7 6. Bg5 O-O 7. Nbd2 h6 8. Bxf6
Bxf6 9. e4 dxe4 10. Nxe4 Bg4 11. h3 Bh5 12. Re1 Be7 13. g4 Bg6 14. Ng3 Bf6 15.
Qd2 Re8 16. Re2 Nd4 17. Nxd4 Qxd4 18. Qc3 Qxc3 19. bxc3 Rab8 20. Rb1 b6 21. Ne4
Bxe4 22. Rxe4 c5 23. Rbe1 Re6 24. Kh2 g6 25. Kg3 Rbe8 26. h4 R6e7 27. Bh3 Bg7
28. g5 f5 29. gxf6 Bxf6 30. Bg2 Kg7 31. Kh3 Rf8 32. d4 cxd4 33. cxd4 Rfe8 34. d5
Rc8 35. c4 Rec7 36. Bf1 Rc5 37. Rd1 Rd8 38. Rb1 Ra5 39. Rb2 Be7 40. f4 Rf8 41.
fxe5 Rxf1 42. d6 Bf8 43. Rd2 Rf5 44. d7 Be7 45. Rd5 Ra3+ 46. Kg2 Rxa2+ 47. Kg1
Rf8 48. e6 a5 49. d8=Q Rxd8 50. Rf4 Rf8 51. Re4 Bc5+ 52. Rxc5 bxc5 {White
resigns} 0-1

[Event "Team 45 45 League T56"]
[Site "Internet Chess Club"]
[Date "2013.03.01"]
[Round "2"]
[White "John3v16"]
[Black "Tamarin"]
[Result "0-1"]
[WhiteElo "1714"]
[BlackElo "1878"]
[Opening "English: symmetrical, Botvinnik system reversed"]
[ECO "A37"]
[Time "00:32:02"]
[TimeControl "2700+45"]

1. c4 c5 2. Nc3 g6 3. g3 Bg7 4. Bg2 Nc6 5. Nf3 e5 6. d3 Nge7 7. O-O O-O 8. Bd2
d6 9. e3 Be6 10. Ng5 Bc8 11. h4 h6 12. Nh3 Be6 13. Nd5 Qd7 14. Kh2 Rab8 15. a4
a5 16. Nxe7+ Qxe7 17. Bxc6 bxc6 18. Bxa5 Rxb2 19. Bc3 Rb6 20. a5 Ra6 21. Qa4 d5
22. cxd5 cxd5 23. Qb5 Rfa8 24. Rab1 Bf6 25. Qb7 Qxb7 26. Rxb7 d4 27. Bd2 Bd8 28.
exd4 cxd4 29. Be3 {White resigns} 0-1

[Event "Team 45 45 League T56"]
[Site "Internet Chess Club"]
[Date "2013.02.28"]
[Round "2"]
[White "az2112"]
[Black "cys456"]
[Result "0-1"]
[WhiteElo "1643"]
[BlackElo "1818"]
[Opening "Sicilian: Labourdonnais-Löwenthal (Kalashnikov) variation"]
[ECO "B32"]
[Time "18:07:08"]
[TimeControl "2700+45"]

1. e4 c5 2. Nf3 Nc6 3. d4 cxd4 4. Nxd4 e5 5. Nb5 d6 6. c4 Be7 7. N1c3 a6 8. Na3
f5 9. f4 Nf6 10. fxe5 Nxe5 11. exf5 Bxf5 12. Be2 Qb6 13. Nc2 Ne4 14. Nxe4 Bxe4
15. Qd4 Bh4+ 16. Kd2 Qxd4+ 17. Nxd4 Bf2 18. Nf3 O-O 19. Rf1 Bc5 20. Nxe5 dxe5
21. Bf3 Rad8+ 22. Ke1 Bb4+ 23. Kf2 Bd3 24. Bg5 Rd7 25. Kg3 {White resigns} 0-1

[Event "Team 45 45 League T56"]
[Site "Internet Chess Club"]
[Date "2013.03.05"]
[Round "2"]
[White "subterfuge"]
[Black "clarinetref"]
[Result "1-0"]
[WhiteElo "1759"]
[BlackElo "1641"]
[Opening "Queen's gambit accepted"]
[ECO "D20"]
[Time "22:14:38"]
[TimeControl "2700+45"]

1. d4 d5 2. c4 dxc4 3. e3 a6 4. a4 b6 5. Bxc4 Bb7 6. Nf3 e6 7. Nc3 Nf6 8. O-O
Nbd7 9. Bd2 c5 10. Qe2 Be7 11. Rfd1 O-O 12. e4 cxd4 13. Nxd4 Bc5 14. Bg5 h6 15.
Nxe6 Qe7 16. Nxf8 hxg5 17. Nxd7 Nxd7 18. Nd5 Qe5 19. Qf3 Nf6 20. Nxf6+ gxf6 21.
Bd5 Rb8 22. Rab1 Bc8 23. Rd3 Bd6 24. Qg3 Qxg3 25. hxg3 Be5 26. b3 a5 27. Bc4 Bb7
28. Re1 Bc6 29. Bd5 Be8 30. Rf1 b5 31. f4 gxf4 32. gxf4 Bb2 33. axb5 Bxb5 34.
Rg3+ Kf8 35. Rh3 Bd4+ 36. Kh2 Ke7 37. Rd1 Bb6 38. Rh7 Rf8 39. Rg7 Bc7 40. g3 Be2
41. Rc1 Bb6 42. Rh7 Bf3 43. Rc6 Bd8 44. Ra6 f5 45. Bxf7 Rh8 46. Rxh8 Kxf7 47.
Rxd8 {Black resigns} 1-0

[Event "Team 45 45 League T56"]
[Site "Internet Chess Club"]
[Date "2013.02.28"]
[Round "2"]
[White "cityprosecutor"]
[Black "flyingpawns"]
[Result "1-0"]
[WhiteElo "1879"]
[BlackElo "1846"]
[Opening "French: King's Indian attack"]
[ECO "C00"]
[Time "22:10:06"]
[TimeControl "2700+45"]

1. e4 e6 2. d3 d5 3. Nd2 c5 4. g3 Ne7 5. Bg2 g6 6. Ngf3 Bg7 7. O-O O-O 8. exd5
exd5 9. d4 cxd4 10. Nb3 Nbc6 11. Nbxd4 Nxd4 12. Nxd4 Nc6 13. Be3 Re8 14. c3 Ne5
15. Qb3 Nc4 16. Bf4 Nb6 17. Nb5 Re7 18. Bg5 f6 19. Bf4 Be6 20. Rfe1 Bf7 21. Nd6
Rd7 22. Nxf7 Rxf7 23. Rad1 Re7 24. Rxe7 Qxe7 25. Bxd5+ Kh8 26. Bf3 f5 27. Bd6
Qd7 28. Ba3 Qc7 29. Qe6 Rg8 30. Bd6 Qd8 31. Be5 Qe8 32. Bxg7+ Kxg7 33. Qxe8 Rxe8
34. Kf1 Re7 35. b3 Kf6 36. c4 Nc8 37. Rd8 Rc7 38. Bxb7 Rxb7 39. Rxc8 Ke6 40. Ke2
Kd6 41. Re8 Kc5 42. Kd3 Kb4 43. Re5 Rd7+ 44. Rd5 Rxd5+ 45. cxd5 Kc5 46. d6 Kxd6
47. Kd4 h6 48. h4 g5 49. hxg5 hxg5 50. f4 g4 51. b4 a6 52. a4 {Black resigns}
1-0

[Event "Team 45 45 League T56"]
[Site "Internet Chess Club"]
[Date "2013.02.28"]
[Round "2"]
[White "Helaman"]
[Black "CKNIGHT3"]
[Result "1-0"]
[WhiteElo "1817"]
[BlackElo "1645"]
[Opening "Sicilian: Najdorf, 7...Be7 main line"]
[ECO "B99"]
[Time "22:00:58"]
[TimeControl "2700+45"]

1. e4 c5 2. Nf3 d6 3. d4 cxd4 4. Nxd4 Nf6 5. Nc3 a6 6. Bg5 e6 7. f4 Be7 8. Qf3
Qc7 9. O-O-O Nbd7 10. g4 b5 11. Bxf6 Nxf6 12. g5 Nd7 13. f5 Bxg5+ 14. Kb1 Ne5
15. Qh5 Bf6 16. fxe6 g6 17. Nd5 Qd8 18. Qh3 Bb7 19. exf7+ Nxf7 20. Qe6+ Be7 21.
Nf6+ Kf8 22. Nxh7+ Rxh7 23. Qxg6 Ke8 24. Qxh7 Bf8 25. Bd3 Qe7 26. Rhf1 Rc8 27.
e5 Nxe5 28. Rxf8+ Qxf8 29. Qxb7 Rd8 30. Qxa6 Qh6 31. Bxb5+ Kf8 32. Rf1+ Kg8 33.
Bc4+ Kh8 34. Nc6 Nxc6 35. Qxc6 Qg5 36. Qf3 Qh6 37. Rg1 Rf8 38. Qg4 d5 39. Bxd5
Qg6 40. Qh4+ Kg7 41. Qe7+ Rf7 42. Rxg6+ Kxg6 43. Qxf7+ Kg5 44. a4 Kg4 45. a5 Kg5
46. a6 Kg4 47. a7 Kg5 48. a8=Q Kg4 49. b4 Kg5 50. b5 Kg4 51. Qag8+ Kh4 52. Qfh7#
{Black checkmated} 1-0

[Event "Team 45 45 League T56"]
[Site "Internet Chess Club"]
[Date "2013.02.27"]
[Round "2"]
[White "tightfist"]
[Black "justice02"]
[Result "0-1"]
[WhiteElo "1583"]
[BlackElo "1708"]
[Opening "Dutch with c4 & Nc3"]
[ECO "A85"]
[Time "21:00:41"]
[TimeControl "2700+45"]

1. c4 f5 2. d4 Nf6 3. Nc3 g6 4. g3 Bg7 5. Bg2 O-O 6. Nf3 c6 7. O-O d5 8. b3 Ne4
9. Bb2 Nd7 10. e3 Ndf6 11. Ne5 Be6 12. c5 Qc7 13. Rc1 Rac8 14. f3 Nxc5 15. Nxg6
hxg6 16. dxc5 Rcd8 17. b4 Nh7 18. Qc2 Bh6 19. f4 Nf6 20. b5 Ng4 21. Qd3 Bf7 22.
Nd1 Nf6 23. Be5 Qa5 24. bxc6 bxc6 25. Rc2 Ne4 26. Bd4 Rb8 27. Nf2 Rb5 28. Rfc1
Rfb8 29. g4 Nxf2 30. Kxf2 e6 31. Bc3 Qa4 32. Be5 R8b7 33. gxf5 gxf5 34. Bf3 Rb1
35. Qd1 Rxc1 36. Qxc1 Kh7 37. Qd2 Rb1 38. Bd1 Bf8 39. Rc1 Qb5 40. Be2 Qb4 41.
Bc3 Qb7 42. Rc2 Bxc5 43. Be5 Qe7 44. Bf3 Rb5 45. Qc3 Qh4+ 46. Kg2 Qe7 47. Bf6
Qc7 48. Be5 Qd8 49. a4 Qg8+ 50. Kf2 Rb1 51. Qxc5 Qg1+ 52. Ke2 Qf1+ 53. Kd2 Qxf3
54. Qxa7 Rd1+ 55. Kc3 Kg6 56. a5 Qf1 57. Qb6 Qe1+ 58. Kb3 Rd3+ 59. Kb2 Rd1 60.
Qc5 Be8 61. a6 Ra1 62. Rg2+ Kh5 63. Qf8 Qb1+ 64. Kc3 Qc1+ 65. Kb3 Qxe3+ 66. Kb2
Qc1+ 67. Kb3 Qc4+ 68. Kb2 Ra2+ 69. Kb1 Rxg2 70. Qxe8+ Kg4 71. Qg6+ Kf3 72. Qh5+
Ke4 73. Qd1 Qb4+ 74. Ka1 Qa3+ 75. Kb1 Qa2+ 76. Kc1 Qxa6 77. Qd4+ Kf3 78. Qd1+
Qe2 79. Qb3+ Qe3+ 80. Qxe3+ Kxe3 81. Kd1 Rxh2 82. Kc1 c5 83. Kd1 d4 84. Kc1 c4
85. Kd1 c3 86. Kc1 Kd3 87. Kb1 c2+ 88. Kb2 Rh1 89. Bxd4 c1=Q+ {White resigns}
0-1